 Dungeon Crawl Stone Soup version 0.30-a0-134-gb40fab5 (webtiles) character file.

Game seed: 16100450174635705492

39 PublicAnimeNo1 the Digger (level 3, -1/24 HPs)
             Began as a Demonspawn Earth Elementalist on Sept 19, 2022.
             Slain by Terence
             ... wielding a +2 vampiric hand axe
              (7 damage)
             ... on level 2 of the Dungeon.
             The game lasted 00:02:02 (1254 turns).

PublicAnimeNo1 the Digger (DsEE)                    Turns: 1254, Time: 00:02:03

Health: -1/24      AC:  7    Str:  8    XL:     3   Next: 28%
Magic:  5/6        EV: 12    Int: 18    God:
Gold:   54         SH:  0    Dex: 13    Spells: 2/6 levels left

rFire   . . .      SeeInvis .    f - +0 dagger
rCold   . . .      Faith    .    (no shield)
rNeg    + . .      Spirit   .    a - +0 robe
rPois   .          Reflect  .    (no helmet)
rElec   .          Harm     .    (no cloak)
rCorr   .          Rampage  .    (no gloves)
Will    .....                    (no boots)
Stlth   ++........               (no amulet)
HPRegen 0.08/turn                g - ring of positive energy
MPRegen 0.10/turn                l - +4 ring of protection

@: no status effects
A: rugged brown scales 1
a: no special abilities


You were on level 2 of the Dungeon.
You visited 1 branch of the dungeon, and saw 2 of its levels.

You collected 54 gold pieces.

Inventory:

Hand Weapons
 f - a +0 dagger (weapon)
Armour
 a - a +0 robe (worn)
Magical Staves
 c - a staff of fire
Jewellery
 g - a ring of positive energy (left hand)
 l - a +4 ring of protection (right hand)
Scrolls
 j - a scroll of teleportation {unknown}
 m - a scroll of poison {unknown}
Potions
 d - 2 potions of mutation
 e - 2 potions of curing {unknown}
 h - a potion of berserk rage {unknown}
 k - a potion of heal wounds {unknown}
 n - a potion of attraction {unknown}


   Skills:
 + Level 0.3 Fighting
 - Level 1.7 Dodging
 - Level 1.7 Stealth
 - Level 2.0 Spellcasting
 + Level 0.2 Conjurations
 - Level 0.8 Transmutations
 * Level 3.9 Earth Magic


You had 2 spell levels left.
You knew the following spells:

 Your Spells              Type           Power      Damage    Failure   Level
a - Sandblast             Erth           32%        2d9       3%          1
b - Stone Arrow           Conj/Erth      18%        3d8       22%         3

Your spell library contained the following spells:

 Spells                   Type           Power      Damage    Failure   Level
 Passwall                 Tmut/Erth      8%         N/A       11%         2
 Petrify                  Tmut/Erth      10%        N/A       56%         4


Dungeon Overview and Level Annotations

Branches:
Dungeon (2/15)

Altars:
Nemelex Xobeh

Annotations:
D:2 Terence


Innate Abilities, Weirdness & Mutations

You are partially covered in rugged brown scales. (AC +1, +3% HP)


Message History

Aim: Terence, wielding a +2 vampiric hand axe and wearing a +0 scale mail (moderately wounded, 84% to hit)
The blast of sand hits Terence.
Terence is moderately wounded.
Terence closely misses you.
Aiming: Sandblast (safe; 3% risk of failure)
Press: ? - help, Q - select action Shift-Dir - straight line, f/p - Terence
Aim: Terence, wielding a +2 vampiric hand axe and wearing a +0 scale mail (moderately wounded, 84% to hit)
The blast of sand hits Terence but does no damage.
Terence is moderately wounded.
Terence misses you.
Terence hits you with a +2 vampiric hand axe.
Aiming: Sandblast (safe; 3% risk of failure)
Press: ? - help, Q - select action Shift-Dir - straight line, f/p - Terence
Aim: Terence, wielding a +2 vampiric hand axe and wearing a +0 scale mail (moderately wounded, 84% to hit)
The blast of sand hits Terence but does no damage.
Terence is moderately wounded.
Terence hits you but does no damage. Magic courses through your body.
Terence hits you with a +2 vampiric hand axe.
Aiming: Sandblast (safe; 3% risk of failure)
Press: ? - help, Q - select action Shift-Dir - straight line, f/p - Terence
Aim: Terence, wielding a +2 vampiric hand axe and wearing a +0 scale mail (moderately wounded, 84% to hit)
The blast of sand hits Terence but does no damage.
Terence is moderately wounded.
Terence hits you with a +2 vampiric hand axe.
Terence misses you.
Aiming: Sandblast (safe; 3% risk of failure)
Press: ? - help, Q - select action Shift-Dir - straight line, f/p - Terence
Aim: Terence, wielding a +2 vampiric hand axe and wearing a +0 scale mail (moderately wounded, 84% to hit)
The blast of sand hits Terence but does no damage.
Terence is moderately wounded.
Terence hits you with a +2 vampiric hand axe.
Terence attacks as you move away!
Terence hits you with a +2 vampiric hand axe.
* * * LOW HITPOINT WARNING * * *
As you read the scroll labelled NOGETR UDWEOSI, it crumbles to dust.
It is a scroll of identify.
d - 2 potions of mutation Terence hits you with a +2 vampiric hand axe!
You die...

#####...##..#######
#...###(#### #. ##.##
#....# #. #.#
####.#### #. #.#
#...#. #. #.# ###...
#. #.# ##.. #.
#####.####### #..
#.##@.........[......
#..@.###.#######..##.
#!..#####..# ...# #(
#..#. #(## ### #. #..
#. #.# #. ## #. #.#
#. #. #)# #. #( #.#
#. #.#


You could see Terence.

Vanquished Creatures
  4 dart slugs (D:1)
  3 bats (D:1)
  3 endoplasms (D:1)
  A giant cockroach (D:2)
  3 goblins
  3 hobgoblins
  2 kobolds (D:1)
  A ball python (D:1)
  2 frilled lizards (D:1)
  9 rats
31 creatures vanquished.

Notes
Turn   | Place    | Note
-------+----------+-------------------------------------------
     0 | D:1      | PublicAnimeNo1 the Demonspawn Earth Elementalist began the
                  | quest for the Orb.
     0 | D:1      | Reached XP level 1. HP: 13/13 MP: 3/3
    19 | D:1      | Found a faded altar of an unknown god.
    91 | D:1      | Reached skill level 3 in Earth Magic
   195 | D:1      | Gained mutation: You are partially covered in rugged brown
                  | scales. (AC +1, +3% HP) [demonic ancestry]
   195 | D:1      | Reached XP level 2. HP: 13/19 MP: 3/5
   723 | D:1      | Reached XP level 3. HP: 24/24 MP: 3/6
   727 | D:1      | Learned a level 3 spell: Stone Arrow
  1149 | D:2      | Found a sparkling altar of Nemelex Xobeh.
  1242 | D:2      | Noticed Terence
  1254 | D:2      | Slain by Terence

Illustrated notes

Levels and vault maps discovered:
D:1:      ebering_hopf_link, layout_loops_ring,
          hellmonk_ecumenical_altar_slurped_away, hex_large
D:2:      layout_rooms, basic_altar, uniq_terence, uniq_crazy_yiuf_cottage

Skill      XL: |  1 |
---------------+----+-----
Earth Magic    | 3 |  3.9
Fighting       | |  0.3
Dodging        | |  1.7
Stealth        | |  1.7
Spellcasting   | |  2.0
Conjurations   | |  0.2
Transmutations | |  0.8

Action                   || total
-------------------------++-------
Melee: Dagger            ||    11
 Cast: Sandblast         ||    46
  Use: Scroll            ||     1
       Potion            ||     1
 Stab: Sleeping          ||     1
Armor: Robe              ||     6
Dodge: Dodged            ||    14

Table legend: (Time is in decaauts)
 A = Elapsed time spent in this place.
 B = Non-inter-level travel time spent in this place.
 C = Inter-level travel time spent in this place.
 D = Time resting spent in this place.
 E = Time spent auto-exploring this place.
 F = Levels seen in this place.
 G = Mean time per level.
                   A        B        C        D        E       F      G
               +--------+--------+--------+--------+--------+-----+--------+
         Total |   1275 |   1238 |     37 |    121 |    922 |   2 |  637.5 |
       Dungeon |   1275 |   1238 |     37 |    121 |    922 |   2 |  637.5 |
               +--------+--------+--------+--------+--------+-----+--------+

Top non-repeatable levels by time:
     D:1: 1115 daAuts
     D:2: 160 daAuts
